Map: Breakwater LE

Players

Zeus

  • Race: Terran Terran
  • Spawn Location: 7:00

FuNoob

  • Race: Protoss Protoss
  • League: Master
  • Spawn Location: 7:00

Ekelpack

  • Race: Zerg Zerg
  • Spawn Location: 1:00

Nyck

  • Race: Terran Terran
  • Spawn Location: 1:00

VOD

Have the link to the VOD?

Description

Time

  • Played on: Jan. 29, 2025, 12:49 p.m.
  • Length: 14:21
Show
View Real Time Build Order
Export as new Build Order

Zeus Terran 

Build Orders: Reaper Expand 

Get SALT Encoding   

  12  0:00  SCV  
  13  0:13  SCV  
  14  0:18  Supply Depot  
  14  0:25  SCV  
  15  0:40  SCV  
  15  0:41  Barracks  
  16  0:46  Refinery  
  16  0:52  SCV  
  17  1:04  SCV  
  18  1:16  SCV  
  19  1:29  Orbital Command  
  19  1:36  Command Center  
  19  1:40  Reaper  
  20  1:55  SCV  
  21  2:07  SCV, Refinery  
  22  2:12  Factory  
  22  2:14  Marine  
  23  2:29  Supply Depot  
  23  2:37  Supply Depot  
  23  2:48  SCV  
  23  2:49  SCV  
  25  3:00  SCV  
  25  3:02  Barracks Reactor  
  25  3:03  Factory Tech Lab  
  25  3:05  Orbital Command  
  25  3:12  SCV  
  26  3:13  Starport  
  26  3:16  Engineering Bay  
  26  3:24  SCV  
  26  3:25  Refinery  
  27  3:29  Supply Depot  
  27  3:36  Siege Tank, SCV  
  27  3:38  SCV  
  27  3:39  Marine x2  
  34  3:49  SCV  
  34  3:50  Missile Turret  
  34  3:52  Viking  
  37  3:58  SCV  
  37  3:59  Marine x2  
  40  4:04  SCV  
  41  4:10  SCV  
  41  4:16  SCV, Siege Tank  
  46  4:27  Command Center  
  46  4:28  SCV  
  46  4:29  Marine x2  
  46  4:30  SCV  
  50  4:32  Starport Reactor  
  50  4:39  Missile Turret  
  50  4:40  SCV  
  50  4:43  Supply Depot  
  51  4:47  Marine x2  
  53  5:01  SCV x2  
  53  5:02  Barracks x2  
  53  5:05  Marine x2  
  57  5:13  SCV  
  58  5:15  SCV  
  59  5:22  Medivac x2  
  59  5:23  Siege Tank  
  59  5:25  SCV  
  59  5:27  SCV  
  68  5:29  Terran Infantry Weapons Level 1  
  68  5:32  Engineering Bay  
  68  5:37  Supply Depot  
  68  5:38  SCV  
  68  5:39  SCV  
  70  5:50  SCV  
  70  5:51  SCV  
  72  5:58  Missile Turret  
  72  5:59  Sensor Tower  
  72  6:02  SCV  
  72  6:03  SCV  
  74  6:06  Terran Infantry Armor Level 1  
  74  6:14  SCV x2  
  74  6:16  SCV  
  77  6:18  Refinery  
  77  6:19  Refinery  
  77  6:22  Sensor Tower  
  77  6:24  Marine x2  
  79  6:26  Barracks Tech Lab x2  
  79  6:29  Medivac  
  79  6:31  Sensor Tower  
  82  6:33  SCV  
  82  6:36  Barracks  
  81  6:56  Orbital Command, SCV x2  
  83  7:08  SCV x2  
  85  7:17  Combat Shield, Stimpack  
  85  7:19  Marine  
  85  7:20  SCV  
  85  7:21  SCV, Marine x2, Refinery, Medivac  
  92  7:30  SCV  
  92  7:31  Starport  
  93  7:39  Missile Turret  
  93  7:52  Sensor Tower  
  93  8:01  Command Center  
  93  8:09  Starport Reactor  
  93  8:12  Sensor Tower, Barracks Reactor  
  93  8:21  Armory  
  93  8:22  Supply Depot x2  
  93  8:24  Supply Depot, Sensor Tower  
  93  8:27  Supply Depot  
  93  8:28  Supply Depot  
  93  8:31  Missile Turret  
  93  8:33  Missile Turret  
  93  8:36  Concussive Shells  
  93  8:44  SCV x3, Marine x4, Siege Tank, Medivac x2  
  107  8:53  Command Center  
  107  8:54  Command Center, Factory  
  107  8:56  SCV x3  
  107  8:58  Starport  
  107  9:01  Marine, Armory  
  107  9:02  Marine x2, Ghost Academy, Marauder  
  115  9:03  Supply Depot  
  115  9:06  Ghost Academy  
  115  9:08  SCV x3, Terran Infantry Armor Level 2, Terran Infantry Weapons Level 2  
  118  9:10  Terran Vehicle Weapons Level 1  
  118  9:11  Marine x2  
  118  9:14  Medivac  
  122  9:20  SCV x2, Marauder  
  122  9:22  Marine  
  122  9:23  Marine  
  128  9:28  SCV  
  128  9:29  Marine  
  130  9:34  Planetary Fortress  
  130  9:35  SCV  
  130  9:36  SCV  
  132  9:39  Refinery  
  132  9:41  SCV, Marauder x2  
  132  9:42  Refinery  
  137  9:50  SCV  
  137  9:51  Marine x2  
  137  9:52  Factory Tech Lab  
  140  9:54  Terran Vehicle And Ship Armor Level 1  
  140  9:56  Personal Cloaking  
  140  10:03  Marauder x2, Command Center  
  140  10:05  SCV  
  140  10:06  SCV, Ghost Academy x2  
  140  10:07  Missile Turret, Command Center  
  146  10:09  Missile Turret  
  146  10:11  SCV  
  146  10:12  SCV  
  148  10:15  Planetary Fortress  
  148  10:17  SCV  
  149  10:22  Orbital Command  
  149  10:23  SCV x2  
  149  10:25  SCV  
  149  10:26  Missile Turret  
  152  10:29  SCV  
  152  10:33  Nuke  
  154  10:35  SCV x2  
  154  10:40  Armory  
  154  10:42  Supply Depot  
  155  10:44  Nuke x2  
  155  10:46  Fusion Core  
  155  10:47  Marine x3  
  155  10:48  Marauder  
  160  10:53  SCV x2  
  160  10:54  SCV  
  163  10:57  SCV, Refinery  
  163  10:58  Refinery  
  163  11:00  Thor  
  163  11:02  SCV  
  171  11:05  SCV, Missile Turret  
  171  11:07  Missile Turret  
  178  11:17  SCV  
  178  11:18  Barracks  
  179  11:19  Smart Servos  
  179  11:20  Drilling Claws  
  179  11:21  Starport Reactor  
  179  11:22  Nuke, Barracks x2  
  179  11:24  Hi-Sec Auto Tracking  
  179  11:27  Marine  
  180  11:34  Missile Turret  
  180  11:35  Planetary Fortress  
  180  11:37  Unknown x2, Missile Turret  
  183  11:44  Refinery  
  183  11:47  Planetary Fortress  
  186  12:02  Viking x3  
  186  12:03  Viking  
  186  12:06  Unknown  
  197  12:22  Refinery  
  197  12:23  Missile Turret  
  197  12:26  Unknown, Command Center  
  197  12:28  Command Center  
  197  12:34  Unknown  
  197  12:39  Command Center  
  197  12:42  Command Center  
  197  12:45  Command Center  
  191  13:35  Nuke x3  
  191  13:36  Nuke  
  197  14:05  Barracks Tech Lab  
  197  14:07  Barracks Reactor x2  
  197  14:21  Unknown x2  
Show
View Real Time Build Order
Export as new Build Order

FuNoob Protoss 

Build Orders:  

Get SALT Encoding   

  1  0:00  Probe  
  13  0:08  Probe  
  14  0:18  Probe  
  15  0:26  Pylon  
  15  0:46  Forge  
  15  0:55  Probe  
  16  1:07  Probe  
  17  1:21  Pylon  
  17  1:32  Pylon  
  17  1:52  Photon Cannon  
  17  1:53  Photon Cannon  
  17  1:56  Gateway  
  17  2:05  Pylon  
  17  2:23  Probe  
  17  2:29  Assimilator  
  18  2:31  Assimilator, Probe  
  19  2:41  Probe  
  20  2:47  Gateway  
  20  2:51  Nexus  
  20  2:54  Pylon  
  20  2:56  Probe  
  20  3:04  Probe  
  21  3:11  Pylon  
  22  3:14  Probe  
  23  3:30  Photon Cannon  
  23  3:32  Photon Cannon  
  23  3:36  Cybernetics Core  
  23  3:38  Photon Cannon  
  23  3:48  Probe  
  24  4:01  Probe  
  25  4:04  Probe  
  26  4:13  Probe  
  26  4:14  Stargate  
  26  4:15  Stargate  
  26  4:16  Probe  
  28  4:25  Probe  
  28  4:29  Probe  
  30  4:37  Probe  
  31  4:41  Probe  
  31  4:43  Pylon  
  32  4:49  Probe  
  32  4:50  Shield Battery  
  33  4:53  Probe  
  33  4:54  Void Ray  
  33  4:55  Void Ray  
  38  5:01  Probe  
  43  5:11  Probe  
  43  5:13  Probe  
  45  5:24  Probe  
  46  5:33  Void Ray  
  46  5:35  Probe  
  51  5:45  Nexus  
  51  5:51  Pylon  
  51  5:54  Pylon  
  51  5:56  Pylon  
  51  6:00  Assimilator  
  51  6:02  Assimilator  
  51  6:10  Probe x2  
  57  6:12  Pylon  
  57  6:15  Void Ray  
  57  6:22  Probe  
  57  6:23  Probe  
  57  6:25  Void Ray  
  63  6:35  Probe  
  68  6:58  Void Ray  
  72  7:14  Void Ray  
  72  7:39  Probe x3  
  72  7:43  Void Ray  
  79  7:47  Fleet Beacon  
  79  7:51  Probe x2  
  79  7:52  Probe  
  82  8:03  Protoss Air Weapons Level 1  
  90  8:27  Probe  
  90  8:28  Void Ray x2, Pylon  
  90  8:31  Probe x2  
  90  8:32  Pylon  
  90  8:33  Photon Cannon  
  93  8:34  Assimilator  
  93  8:35  Probe  
  93  8:36  Photon Cannon  
  93  8:38  Assimilator  
  94  8:43  Probe x2  
  94  8:45  Probe  
  97  8:49  Flux Vanes  
  97  8:55  Probe, Pylon  
  98  8:56  Pylon  
  98  9:29  Void Ray x2  
  94  9:36  Stargate  
  94  9:40  Probe x2  
  96  9:46  Probe  
  96  9:47  Shield Battery  
  96  9:50  Pylon  
  96  9:52  Probe  
  98  10:00  Stargate  
  98  10:05  Probe  
  99  10:12  Nexus  
  107  10:15  Pylon  
  107  10:18  Pylon  
  107  10:19  Void Ray x2  
  107  10:21  Protoss Air Weapons Level 2  
  111  10:28  Void Ray  
  111  10:29  Pylon  
  111  10:30  Pylon  
  119  11:06  Void Ray  
  119  11:07  Void Ray x2  
  119  11:08  Probe, Pylon  
  119  11:09  Probe x2  
  122  11:13  Pylon  
  122  11:19  Probe  
  122  11:21  Probe x2  
  125  11:26  Photon Cannon  
  125  11:27  Probe  
  125  11:28  Photon Cannon  
  125  11:30  Photon Cannon  
  126  11:32  Photon Cannon  
  126  11:33  Probe  
  126  11:38  Cybernetics Core  
  127  11:41  Twilight Council  
  127  11:44  Assimilator x2  
  131  11:49  Void Ray  
  115  12:11  Void Ray x2  
  123  12:33  Void Ray x2  
  123  12:57  Void Ray x2  
  131  13:03  Shield Battery  
  131  13:05  Shield Battery x2  
  131  13:07  Shield Battery  
  131  13:09  Shield Battery  
  131  13:18  Stargate  
  131  13:19  Void Ray, Stargate  
  135  13:20  Probe, Stargate  
Show
View Real Time Build Order
Export as new Build Order

Ekelpack Zerg 

Build Orders: Hatch First, Roach Hydra 

Get SALT Encoding   

  12  0:00  Drone  
  13  0:13  Overlord  
  13  0:17  Drone  
  14  0:31  Drone  
  15  0:46  Drone  
  15  0:47  Hatchery  
  15  0:51  Drone  
  16  1:07  Spawning Pool  
  15  1:11  Drone  
  15  1:13  Extractor  
  15  1:16  Drone  
  15  1:17  Drone  
  17  1:23  Drone  
  18  1:52  Drone x2  
  20  1:57  Queen  
  22  2:07  Zergling x2  
  23  2:12  Roach Warren  
  23  2:13  Drone  
  23  2:14  Drone  
  24  2:17  Zergling x2  
  25  2:25  Drone  
  26  2:30  Extractor  
  25  2:45  Drone  
  25  2:47  Overlord  
  26  2:54  Roach  
  28  3:03  Overlord  
  28  3:10  Overlord  
  28  3:16  Roach  
  30  3:22  Overlord  
  30  3:23  Roach  
  32  3:31  Roach  
  34  3:39  Roach  
  36  3:42  Roach x3  
  42  3:52  Roach  
  44  4:22  Roach  
  44  4:23  Overlord  
  46  4:26  Lair  
  46  4:27  Evolution Chamber  
  45  4:42  Roach x3  
  51  4:52  Zerg Missile Weapons Level 1  
  51  4:55  Roach  
  51  4:56  Overlord  
  53  5:15  Roach x3  
  59  5:28  Overlord  
  59  5:29  Roach  
  59  5:30  Hydralisk Den  
  59  5:32  Glial Reconstitution  
  59  5:51  Roach  
  59  5:52  Roach x2  
  65  6:02  Hydralisk  
  67  6:06  Overlord  
  67  6:10  Hatchery  
  66  6:21  Queen  
  66  6:47  Hydralisk x2  
  66  6:48  Hydralisk  
  70  6:56  Grooved Spines  
  70  7:08  Hydralisk x2  
  70  7:38  Hydralisk x2  
  70  7:42  Overlord  
  70  7:43  Drone  
  75  7:58  Muscular Augments  
  75  7:59  Zerg Missile Weapons Level 2  
  75  8:04  Drone  
  76  8:07  Extractor  
  75  8:15  Drone x2  
  77  8:33  Drone x3  
  80  8:38  Drone x2  
  80  8:39  Drone  
  83  9:01  Overlord  
  83  9:27  Hydralisk x3  
  83  9:28  Overlord, Hydralisk  
  91  9:49  Drone x3  
  91  9:50  Drone  
  91  9:52  Extractor  
  94  10:12  Drone  
  94  10:13  Drone  
  96  10:15  Zerg Ground Armor Level 1  
  96  10:36  Drone x2  
  96  10:37  Overlord x3, Extractor  
  96  10:38  Hatchery  
  96  10:41  Extractor  
  95  10:43  Pneumatized Carapace  
  95  10:47  Overlord x2  
  93  11:03  Hydralisk x4  
  101  11:36  Infestation Pit  
  100  11:41  Drone x6  
  100  11:42  Drone x5  
  100  11:43  Drone x2  
  113  12:10  Queen  
  113  12:14  Drone x3  
  112  12:30  Hydralisk x4  
  112  12:31  Hydralisk x3  
  126  13:03  Drone  
  126  13:04  Drone x2  
  129  13:07  Extractor  
  129  13:09  Hive  
  128  13:17  Overlord x4  
  128  13:30  Drone  
  107  13:41  Extractor  
  107  13:46  Hydralisk x6  
Show
View Real Time Build Order
Export as new Build Order

Nyck Terran 

Build Orders: Reaper Expand 

Get SALT Encoding   

  12  0:00  SCV  
  13  0:12  SCV  
  14  0:19  Supply Depot  
  14  0:25  SCV  
  15  0:41  SCV  
  16  0:44  Barracks  
  16  0:47  Refinery  
  16  0:53  SCV  
  17  1:06  SCV  
  18  1:24  SCV  
  19  1:43  Command Center  
  19  1:48  Reaper  
  19  1:51  Orbital Command  
  20  2:17  SCV  
  21  2:24  Factory  
  21  2:33  SCV  
  21  2:45  SCV  
  22  2:57  SCV  
  23  3:09  SCV  
  23  3:11  Reaper  
  25  3:15  Hellion  
  25  3:19  Starport  
  27  3:21  SCV  
  28  3:41  Hellion  
  30  3:46  Orbital Command  
  30  3:51  Reaper  
  31  3:56  SCV  
  32  4:05  Hellion  
  32  4:06  Supply Depot  
  32  4:07  Liberator  
  37  4:11  Refinery  
  37  4:12  SCV  
  38  4:27  Marine  
  38  4:28  Supply Depot, SCV x2  
  41  4:39  Refinery  
  41  4:40  SCV x2  
  41  4:43  Hellion  
  45  4:45  Marine  
  45  4:50  Liberator  
  49  4:54  SCV x2  
  51  5:05  Hellion  
  51  5:06  Supply Depot, SCV  
  54  5:27  SCV x2  
  56  5:29  Supply Depot  
  56  5:39  SCV x2  
  56  5:48  Marine  
  56  5:51  SCV x2  
  56  5:52  Hellion  
  56  5:53  Liberator  
  63  6:04  SCV x2  
  65  6:08  Refinery  
  65  6:11  Marine  
  65  6:13  Hellion  
  65  6:14  Command Center  
  65  6:16  SCV x2  
  70  6:40  Command Center  
  70  6:49  Starport Reactor  
  70  6:50  Marine  
  70  6:51  SCV  
  70  6:56  Starport  
  70  6:59  Starport  
  70  7:02  Starport  
  70  7:06  SCV  
  70  7:17  SCV, Marine  
  70  7:18  SCV  
  64  7:26  Viking x2  
  64  7:29  SCV  
  65  7:30  SCV  
  65  7:32  Viking  
  65  7:35  Viking  
  70  7:44  Viking  
  70  7:45  SCV x2  
  70  7:46  Supply Depot  
  73  7:59  SCV x2  
  73  8:02  Command Center  
  73  8:11  Viking x4  
  81  8:28  Supply Depot  
  81  8:40  Engineering Bay  
  81  8:50  Viking x3  
  81  8:51  Supply Depot  
  87  8:56  Armory  
  87  9:07  SCV  
  86  9:10  Viking  
  86  9:12  Viking  
  84  9:20  Viking  
  80  9:35  SCV  
  80  9:36  Viking  
  80  9:37  Viking  
  85  9:43  Armory  
  85  9:44  Armory  
  85  9:52  SCV  
  86  9:57  Refinery  
  86  9:58  Refinery  
  86  9:59  Orbital Command  
  86  10:04  SCV, Starport Reactor  
  86  10:05  Starport Reactor  
  87  10:07  Starport Reactor  
  87  10:16  SCV  
  88  10:25  Supply Depot  
  88  10:26  Viking  
  88  10:27  Viking  
  92  10:28  SCV  
  93  10:41  Viking x3  
  99  10:46  Supply Depot  
  99  10:48  Terran Ship Weapons Level 1  
  99  10:55  Terran Vehicle And Ship Armor Level 1  
  99  11:16  Supply Depot  
  99  11:24  SCV x2  
  99  11:25  Viking x3  
  103  11:26  Viking  
  109  11:38  SCV x2  
  111  11:52  SCV x2  
  82  12:03  Viking x3  
  82  12:04  Viking x3  
  92  12:12  SCV x2  
  94  12:24  SCV  
  95  12:32  Viking  
  95  12:33  Viking  
  99  12:42  Viking x3  
  105  12:45  SCV x2  
  105  13:01  Viking x2  
  109  13:28  SCV  
  109  13:33  Supply Depot  
  110  13:36  Viking x2  
  110  13:37  SCV  
  110  13:40  Viking  
  104  13:45  SCV  
  103  13:56  Supply Depot, SCV  
  103  13:57  SCV  
Tags
 
Add a new tag
Caveats
  • Supply blocks, unpowered buildings, or Contaminate may cause inaccurate times.
  • Supply counts are checked every 10 seconds.